 Dungeon Crawl Stone Soup version 0.30.1 (webtiles) character file.

Game seed: 3994049412364857486

28418 H0rd4k the Thaumaturge (level 13, -9/81 HPs)
             Began as an Octopode Artificer on July 4, 2023.
             Was an Initiate of Gozag.
             Killed from afar by an ice statue (19 damage)
             ... with a shard of ice
             ... in an ice cave.
             The game lasted 00:33:38 (18171 turns).

H0rd4k the Thaumaturge (Octopode Artificer)        Turns: 18171, Time: 00:33:38

Health: -9/81      AC:  9    Str: 18    XL:     13   Next: 38%
Magic:  0/36       EV: 16    Int: 24    God:    Gozag
Gold:   2833       SH:  0    Dex: 18    Spells: 16/32 levels left

rFire   + . .        M - +9 staff of Olgreb {rPois∞}
rCold   + . .        (no shield)
rNeg    . . .        (helmet restricted)
rPois   ∞            u - amulet of guardian spirit
rElec   +            f - +4 ring of protection
rCorr   +            g - +4 ring of protection
SInv    .            o - +6 ring of strength
Will    .....        D - ring of resist corrosion
Stlth   ++++++       b - ring of magical power
HPRegen 0.33/turn    c - +6 ring of dexterity
MPRegen 0.25/turn    a - +6 ring of intelligence
                     (no ring)

%: guardian spirit
@: resistant
A: almost no armour, amphibious, 8 rings, camouflage 1, gelatinous body 1,
(nimble swimmer 1), tentacles
a: Renounce Religion, Evoke the Staff of Olgreb, Potion Petition, Call Merchant,
Bribe Branch


You were in an ice cave.
You worshipped Gozag.
Gozag was most pleased with you.
You visited 3 branches of the dungeon, and saw 17 of its levels.
You also visited: Ossuary and Ice Cave.

You collected 4016 gold pieces.
You spent 665 gold pieces at shops.
You paid 518 gold pieces to Gozag.

Inventory:

Hand Weapons
 M - the +9 staff of Olgreb (weapon) {rPois∞}
   (You found it on level 7 of the Dungeon)

   It enhances your poison magic.
   It grants immunity to poison.
   It can be activated via the 'a'bility menu to radiate toxic energy, with
   effectiveness depending on Evocations skill.
 P - the +2 long sword of Xom's Anger {venom, Drain rC+ Int+6}
   (You found it on level 4 of the Lair of Beasts)

   Int:       It affects your intelligence (+6).
   rC:        It protects you from cold.
   Drain:     It drains your maximum health when unequipped.
Missiles
 v - 14 poisoned darts
 w - a throwing net
 N - 14 curare-tipped darts
Magical Staves
 m - a staff of earth
 Q - a staff of fire
Jewellery
 a - a +6 ring of intelligence (on tentacle)
 b - a ring of magical power (on tentacle)
 c - a +6 ring of dexterity (on tentacle)
 f - a +4 ring of protection (left tentacle)
 g - a +4 ring of protection (right tentacle)
 o - a +6 ring of strength (on tentacle)
 r - an amulet of magic regeneration
 u - an amulet of guardian spirit (around mantle)
 D - a ring of resist corrosion (on tentacle)
Wands
 K - a wand of iceblast (6)
 O - a wand of digging (3)
 S - a wand of flame (9)
Scrolls
 h - 4 scrolls of vulnerability
 j - 10 scrolls of amnesia
 n - 11 scrolls of noise
 p - 2 scrolls of enchant armour
 s - 6 scrolls of teleportation
 x - 3 scrolls of fog
 y - 2 scrolls of magic mapping
 C - a scroll of enchant weapon
 H - 2 scrolls of brand weapon
 J - a scroll of poison
 L - 2 scrolls of fear
Potions
 d - 2 potions of lignification
 e - 6 potions of might
 i - 3 potions of heal wounds
 k - a potion of brilliance {unknown}
 l - 5 potions of curing
 q - 5 potions of invisibility
 t - 6 potions of degeneration
 z - 2 potions of resistance
 A - 2 potions of flight {unknown}
 E - 3 potions of mutation
 F - 3 potions of berserk rage
 G - 2 potions of cancellation {unknown}
 I - 4 potions of magic
 R - a potion of haste {unknown}


   Skills:
 + Level 4.8 Fighting
 + Level 8.0 Staves
 - Level 3.4 Throwing
 - Level 5.1 Dodging
 - Level 10.2 Stealth
 - Level 10.1 Unarmed Combat
 * Level 10.3 Spellcasting
 + Level 3.5 Hexes
 * Level 3.7 Transmutations
 + Level 9.7 Poison Magic
 - Level 5.2 Evocations


You had 16 spell levels left.
You knew the following spells:

 Your Spells              Type           Power      Damage    Failure   Level
a - Sting                 Tmut/Pois      100%       1d8       1%          1
b - Olgreb's Toxic Radia  Pois           73%        N/A       1%          4
c - Alistair's Intoxicat  Tmut/Pois      40%        N/A       9%          5
d - Portal Projectile     Hex/Tloc       42%        N/A       8%          3
e - Tukima's Dance        Hex            29%        N/A       3%          3

Your spell library contained the following spells:

 Spells                   Type           Power      Damage    Failure   Level
 Cigotuvi's Dreadful Rot  Necr/Pois/Air  84%        N/A       1%          2
 Apportation              Tloc           24%        N/A       4%          1
 Necrotise                Necr           48%        1d6       4%          1
 Summon Small Mammal      Summ           48%        N/A       4%          1
 Stone Arrow              Conj/Erth      24%        3d8       16%         3
 Vampiric Draining        Necr           12%        2d6       16%         3
 Blade Hands              Tmut           15%        N/A       30%         5
 Agony                    Necr           12%        N/A       80%         5
 Lehudib's Crystal Spear  Conj/Erth      6%         10d3      100%        8
 Animate Armour           Summ/Erth      Unusable   N/A       N/A         4

Dungeon Overview and Level Annotations

Branches:
Dungeon (11/15)            Temple (1/1) D:4            Lair (5/5) D:10
 Shoals (0/4) Lair:3       Spider (0/4) Lair:2        Slime (0/5) Lair:5
    Orc (0/2) D:9         Ossuary (visited)           IceCv (1/1)

Altars:
Ashenzari
Cheibriados
Dithmenos
Elyvilon
Fedhas
Gozag
Hepliaklqana
Kikubaaqudgha
Makhleb
Nemelex Xobeh
Okawaru
Qazlal
Ru
Sif Muna
Trog
Uskayaw
Vehumet
Wu Jian
Xom
Yredelemnul
Zin
The Shining One

Shops:
D:6 **   D:10 :

Annotations:
D:5 exclusion: 2 downstairs
D:8 exclusions: 3 cyclopes and two-headed ogre
D:9 exclusions: downstairs and 2 yaks
D:10 exclusions: 2 downstairs, tengu conjurer and tengu warrior
Lair:2 exclusion: pharaoh ant
Lair:3 exclusion: downstairs
Lair:4 exclusion: hydra
Lair:5 exclusion: 2 hydras IceCv exclusion: 3 ice statues


Innate Abilities, Weirdness & Mutations

You cannot wear most types of armour.
You are amphibious.
You can wear up to eight rings at the same time.
Your skin changes colour to match your surroundings (Stealth+).
Your rubbery body absorbs attacks. (AC +1, EV +1)
((You are camouflaged when in or above water. (Stealth+)))
You have tentacles for arms and can constrict up to eight enemies at once.


Message History

The bolt of cold hits the wolf simulacrum.
The wolf simulacrum completely resists.
The bolt of cold hits the ice beast.
The ice beast completely resists.
The ice beast completely misses you.
You barely miss the ice statue. You squeeze the ice statue!
The ice statue is severely damaged.
You are engulfed in freezing vapours.
You resist. The wolf simulacrum closely misses you.
The ice beast hits you but does no damage. x2
The ice statue gestures.
Unknown command.
You hit the ice statue but do no damage.
You envenom the ice statue.
You squeeze the ice statue!
The ice statue is almost destroyed.
You are engulfed in freezing vapours.
You resist.
* * * LOW HITPOINT WARNING * * *
The ice beast closely misses you. The ice beast completely misses you.
The ice beast barely misses you.
You sock the ice statue!
You tentacle-slap the ice statue, but do no damage.
The ice statue is almost destroyed.
You are engulfed in freezing vapours.
You resist.
* * * LOW HITPOINT WARNING * * *
The ice statue gestures at you. The shard of ice hits you!!
You partially resist.
* * * LOW HITPOINT WARNING * * *
The ice beast hits you but does no damage.
The ice beast hits you.
* * * LOW HITPOINT WARNING * * *
The ice beast freezes you. You resist.
* * * LOW HITPOINT WARNING * * *
The ice beast misses you.
Okay, then.
Unknown command.
Okay, then.
You feel much better.
You are engulfed in freezing vapours.
You resist.
* * * LOW HITPOINT WARNING * * *
The ice statue gestures at you. The shard of ice hits you!!
You partially resist.
You die...
Your body crumbles into a pile of gold.

###### #############
.....## ##....)#....8##
$
......###......#......##
$
.......#.......#°......#
.∩..∩...........Z......8
.......#.......#YY.....#
......###......#@YY...##
$ .....##
##...[[#8YY..## ######
#############


You could see 3 ice statues, 6 ice beasts and a wolf simulacrum.

Vanquished Creatures
  A hydra (Lair:4)
  A death yak (Lair:4)
  Sonja (Lair:3)
  A skyshark (Lair:3)
  An oklob plant (Lair:5)
  An ugly thing (IceCv)
  3 elephants (Lair:1)
  Joseph (D:9)
  3 black mambas
  A centaur skeleton (D:7)
  A torpor snail (Lair:4)
  A gargoyle (D:10)
  A rime drake (Lair:3)
  9 cane toads
  3 komodo dragons
  An anaconda simulacrum (IceCv)
  A merfolk (Lair:3)
  2 trolls
  3 polar bears
  2 hornets (D:9)
  4 dream sheep (Lair:3)
  Grinder (D:5)
  24 blink frogs
  A meliai zombie (D:7)
  Sigmund (D:3)
  6 wyverns
  11 yaks
  2 redbacks (Lair:2)
  13 water moccasins
  3 ice beasts
  A black bear (Lair:1)
  5 orc warriors
  4 ogres
  9 wolves (Lair:1)
  A centaur (D:8)
  A kobold brigand (D:9)
  A gnoll sergeant (D:6)
  12 bullfrogs
  5 scorpions
  8 wights
  13 killer bees
  An elephant simulacrum (IceCv)
  An electric eel (Lair:3)
  4 howler monkeys
  3 jellies
  4 crimson imps (D:3)
  2 centaur zombies (Ossuary)
  4 hounds
  2 human zombies (Ossuary)
  4 orc priests
  Jessica (D:2)
  7 orc wizards
  5 iguanas
  2 hell rats (Lair:3)
  A boggart skeleton (D:7)
  2 polar bear simulacra (IceCv)
  2 wolf simulacra (IceCv)
  4 mummies
  5 gnolls
  11 adders
  11 river rats (Lair:3)
  2 shadow imps
  4 white imps
  2 ufetubi (D:6)
  A worm (D:2)
  6 dart slugs
  22 orcs
  2 ball pythons
  5 bats
  6 endoplasms
  2 giant cockroaches
  7 goblins
  11 hobgoblins
  7 jackals
  22 kobolds
  6 quokkas
  6 frilled lizards
  A hobgoblin zombie (Ossuary)
  2 kobold zombies (Ossuary)
  An orc zombie (Ossuary)
  7 rats
362 creatures vanquished.

Vanquished Creatures (collateral kills)
  Pikel (D:9)
  A centaur zombie (D:7)
  An ice beast (D:7)
  2 bullfrogs
  A killer bee (D:8)
  An orc priest (D:8)
  2 orc wizards (D:9)
  4 orcs
13 creatures vanquished.

Vanquished Creatures (others)
  A steam dragon (D:7)
  An ice beast (D:7)
  A killer bee (D:8)
3 creatures vanquished.

Grand Total: 378 creatures vanquished

Notes
Turn   | Place    | Note
-------+----------+-------------------------------------------
     0 | D:1      | H0rd4k the Octopode Artificer began the quest for the Orb.
     0 | D:1      | Reached XP level 1. HP: 13/13 MP: 1/1
   206 | D:1      | Reached XP level 2. HP: 12/18 MP: 2/2
   643 | D:1      | Reached XP level 3. HP: 23/23 MP: 3/3
   691 | D:1      | Found a faded altar of an unknown god.
   837 | D:2      | Noticed Jessica
   842 | D:2      | Reached skill level 1 in Unarmed Combat
   854 | D:2      | Killed Jessica
   855 | D:2      | Reached XP level 4. HP: 28/28 MP: 4/4
   887 | D:2      | Identified the +0 leather armour of the Kettle-Drum {Harm
                  | rPois rF+ Will-}
  1493 | D:3      | Found a hazy altar of Hepliaklqana.
  1617 | D:3      | Reached XP level 5. HP: 29/33 MP: 5/5
  1814 | D:3      | Found a shimmering altar of Xom.
  1908 | D:3      | Reached XP level 6. HP: 38/38 MP: 6/6
  1997 | D:3      | Noticed Sigmund
  2001 | D:3      | Killed Sigmund
  2073 | D:3      | Reached XP level 7. HP: 43/43 MP: 7/7
  2217 | D:4      | Found a staircase to the Ecumenical Temple.
  2224 | D:4      | Reached skill level 5 in Stealth
  2228 | D:4      | Reached skill level 5 in Unarmed Combat
  2234 | Temple   | Entered the Ecumenical Temple
  2239 | Temple   | Became a worshipper of Gozag Ym Sagoz the Greedy
  2474 | D:4      | Found a bloodstained altar of Trog.
  2991 | D:5      | Entered Level 5 of the Dungeon
  2991 | D:5      | Noticed Grinder
  2997 | D:5      | Killed Grinder
  3092 | D:5      | Reached XP level 8. HP: 48/48 MP: 8/8
  3843 | D:5      | Found a basalt altar of Yredelemnul.
  4159 | D:6      | Reached XP level 9. HP: 42/53 MP: 7/9
  4318 | D:6      | Found a snail-covered altar of Cheibriados.
  4459 | D:6      | Found Sor Riw's Assorted Antiques.
  4469 | D:6      | Bought a scroll labelled EXAISKONWI for 27 gold pieces
  4469 | D:6      | Bought a scroll labelled SEKYOF XOCLETI for 27 gold pieces
  4469 | D:6      | Bought a runed cabochon ring for 135 gold pieces
  4601 | D:6      | Reached skill level 5 in Evocations
  4830 | D:6      | Reached skill level 1 in Throwing
  4969 | D:6      | Found an ancient bone altar of Kikubaaqudgha.
  4969 | D:6      | Found a glowing silver altar of Zin.
  4973 | D:6      | Found an ornate altar of the Wu Jian Council.
  4974 | D:6      | Found a radiant altar of Vehumet.
  4974 | D:6      | Found a shimmering blue altar of Sif Muna.
  5005 | D:6      | You fall into a shaft and drop 2 floors!
  5072 | D:8      | Noticed a cyclops
  5238 | D:8      | Found a sand-covered staircase.
  5246 | Ossuary  | Entered an ossuary
  5735 | D:8      | Reached skill level 5 in Dodging
  5805 | D:8      | Found a sacrificial altar of Ru.
  5849 | D:8      | Found a blossoming altar of Fedhas.
  5950 | D:8      | Found a white marble altar of Elyvilon.
  6052 | D:8      | You fall into a shaft and drop 3 floors!
  6096 | D:11     | Noticed a gargoyle
  6097 | D:11     | Noticed a two-headed ogre
  6106 | D:10     | Entered Level 10 of the Dungeon
  6362 | D:8      | Reached XP level 10. HP: 61/61 MP: 10/10
  6365 | D:8      | Identified the +3 leather armour "Sotog" {Slay+4}
  6519 | D:8      | Noticed a cyclops
  6519 | D:8      | Noticed a two-headed ogre
  6707 | D:8      | Reached skill level 10 in Stealth
  6777 | D:7      | Found the +9 staff of Olgreb {rPois∞}
  6806 | D:7      | Reached skill level 10 in Unarmed Combat
  6912 | D:6      | Found Xeohir's Serpentskin Sales.
  6971 | D:6      | Bought 3 poisoned darts for 19 gold pieces
  6971 | D:6      | Bought Obufiuk's Almanac of Toxins for 352 gold pieces
  6971 | D:6      | Bought 6 curare-tipped darts for 79 gold pieces
  6971 | D:6      | Bought 2 curare-tipped darts for 26 gold pieces
  6973 | D:6      | Learned a level 1 spell: Sting
  6978 | D:6      | Learned a level 4 spell: Olgreb's Toxic Radiance
  7412 | D:7      | Reached skill level 1 in Staves
  7412 | D:7      | Reached skill level 1 in Spellcasting
  7412 | D:7      | Reached skill level 1 in Poison Magic
  8188 | D:8      | Noticed a cyclops
  8277 | D:9      | Found a staircase to the Orcish Mines.
  8331 | D:9      | Noticed Pikel
  8384 | D:9      | Found a broken altar of Ashenzari.
  8406 | D:9      | Noticed Joseph
  8417 | D:9      | Killed Joseph
  8433 | D:9      | Killed Pikel
  8881 | D:9      | Reached XP level 11. HP: 48/67 MP: 10/16
  9220 | D:10     | Found a staircase to the Lair.
  9303 | D:10     | Reached skill level 5 in Staves
  9651 | D:10     | Learned a level 5 spell: Alistair's Intoxication
 10322 | D:11     | Noticed a manticore
 10461 | D:10     | Noticed a tengu warrior
 10562 | Lair:1   | Entered Level 1 of the Lair of Beasts
 10574 | Lair:1   | Learned a level 3 spell: Portal Projectile
 10578 | Lair:1   | Learned a level 3 spell: Tukima's Dance
 10723 | Lair:1   | Reached skill level 5 in Poison Magic
 10897 | Lair:1   | Reached skill level 1 in Hexes
 11602 | Lair:1   | Reached skill level 5 in Spellcasting
 12168 | Lair:1   | Reached XP level 12. HP: 66/75 MP: 18/21
 12749 | Lair:2   | Found a hole to the Spider Nest.
 14094 | Lair:3   | Reached skill level 1 in Transmutations
 14398 | Lair:3   | Noticed a skyshark
 14408 | Lair:3   | Killed a skyshark
 14749 | Lair:3   | Found a staircase to the Shoals.
 15184 | Lair:3   | Noticed Sonja
 15188 | Lair:3   | Killed Sonja
 15871 | Lair:3   | Identified a scroll of acquirement
 15871 | Lair:3   | Acquired 1018 gold pieces
 15883 | Lair:4   | Noticed a four-headed hydra
 16029 | Lair:4   | Reached XP level 13. HP: 81/81 MP: 20/26
 16540 | Lair:4   | Identified the +2 long sword of Xom's Anger {venom, Drain
                  | rC+ Int+6}
 17217 | Lair:4   | Reached skill level 10 in Spellcasting
 17664 | Lair:5   | Entered Level 5 of the Lair of Beasts
 17846 | Lair:5   | Found a frozen archway.
 17855 | IceCv    | Entered an ice cave
 18170 | IceCv    | HP: 4/81 [ice statue/shard of ice (16)]
 18171 | IceCv    | Killed from afar by an ice statue

Illustrated notes

Levels and vault maps discovered:
D:1:      pf_arrival_petrified_forest, layout_loops_ring,
          shapermc_ecumenical_altar_hornbeckon
D:2:      layout_basic, minmay_crystal_room, guppyfry_early_lair_pool,
          uniq_jessica
D:3:      layout_basic, led_xom_imps, mainiacjoe_overflow_concentric_impassable,
          minmay_close_crescents, uniq_sigmund
D:4:      layout_loops_cross, trog_hazing_becter, minmay_temple_entry_trees,
          serial_bayou, serial_bayou_crossing, serial_bayou_pond_a,
          serial_bayou_lagoon_a, serial_bayou_pond_c,
          chequers_serial_rivers_small_3
D:5:      layout_loops_corners, mainiacjoe_overflow_chevrons, uniq_grinder
D:6:      layout_cave_pools, mainiacjoe_overflow_tiny_flanked,
          grunt_temple_overflow_open, serial_shops, shop, guppyfry_shop_venom
D:7:      cheibrodos_grave_circle, layout_basic
D:8:      layout_loops_ring, nicolae_overflow_hidden_temple, elyvilon_altar_4,
          mainiacjoe_overflow_cross_hatched, gup_ossuary_entry_pyramid,
          hellmonk_guarded_unrand_dark_maul
D:9:      layout_stronghold, mainiacjoe_overflow_alcove_2, david_orc_3,
          uniq_joseph, uniq_pikel
D:10:     layout_loops_corners, david_lair_shrubbed
D:11:     layout_rooms
Temple:   hellmonk_temple_micro_hex
Lair:1:   layout_cave_pods
Lair:2:   layout_cave_pods, nicolae_spider_entry_lesser_pyramids
Lair:3:   layout_chaotic_city, elwin_shoals_entry_rooms, kennysheep_rathole,
          uniq_sonja
Lair:4:   layout_cave_pods, patterned_corridor
Lair:5:   grunt_lair_end_beastmaster, layout_small_grid, slime_entry_1,
          portal_ice_cave_entry_pillars_1
IceCv:    ice_cave_statue_garden_chambered

Skill      XL: |  1  2  3  4  5  6  7  8  9 10 11 12 13 |
---------------+----------------------------------------+-----
Stealth        | 2 3 4 6 8 9 10 | 10.2
Dodging        | 3 4 5 |  5.1
Unarmed Combat | 1 2 3 4 6 7 9 10 | 10.1
Evocations     | 4 5 |  5.2
Throwing       | 2 3 |  3.4
Fighting       | 2 3 4 |  4.8
Staves         | 4 7 8 |  8.0
Spellcasting   | 3 6 9 10 | 10.3
Poison Magic   | 4 6 8 9 |  9.7
Hexes          | 2 3 |  3.5
Transmutations | 2 3 |  3.7

Action                     |  1- 3 |  4- 6 |  7- 9 | 10-12 | 13-15 || total
---------------------------+-------+-------+-------+-------+-------++-------
  Melee: Unarmed           |    88 |    96 |   273 |    28 |       ||   485
         Constrict         |    22 |    23 |    51 |    56 |    14 ||   166
         Tentacles         |    13 |    23 |    65 |    82 |    33 ||   216
         Punch             |     1 |     1 |    16 |    27 |    14 ||    59
         Staff             |       |       |       |   276 |    94 ||   370
  Throw: Dart              |       |       |    30 |    37 |       ||    67
         Throwing net      |       |       |     1 |     1 |       ||     2
   Cast: Olgreb's Toxic Ra |       |       |       |   102 |    34 ||   136
 Invoke: Call Merchant     |       |       |       |     1 |       ||     1
  Evoke: Wand              |     2 |     7 |    16 |    21 |     6 ||    52
    Use: Scroll            |       |       |    13 |     9 |     5 ||    27
         Potion            |       |       |       |     2 |     2 ||     4
   Stab: Sleeping          |    11 |     8 |    20 |    10 |     1 ||    50
         Distracted        |       |       |     2 |     6 |       ||     8
 Armour: Skin              |    25 |    29 |    62 |    88 |    23 ||   227
  Dodge: Dodged            |    49 |    43 |   130 |   234 |    61 ||   517
